 Dungeon Crawl Stone Soup version 0.21-a0-338-g36cf2fc (webtiles) character file.

280 Hasart the Caller (level 6, -15/32 HPs)
             Began as a Kobold Summoner on Oct 3, 2017.
             Killed from afar by Ijyb (21 damage)
             ... with a wand of lightning (?/15)
             ... on level 4 of the Dungeon.
             The game lasted 00:12:20 (5145 turns).

Hasart the Caller (Kobold Summoner)                 Turns: 5145, Time: 00:12:20

Health: -15/32     AC:  4    Str:  5    XL:     6   Next: 52%
Magic:  9/9        EV: 15    Int: 19    God:
Gold:   261        SH:  3    Dex: 15    Spells: 2/9 levels left

rFire    . . .     SeeInvis .   s - +0 morningstar
rCold    . . .     Gourm    .   (shield restricted)
rNeg     . . .     Faith    .   a - +0 robe
rPois    .         Spirit   .   n - +0 helmet
rElec    .         Reflect  +   (no cloak)
rCorr    .         Harm     .   (no gloves)
MR       .....                  l - +0 pair of boots
Stlth    ++........             f - +3 amulet of reflection
HPRegen  0.10/turn              (no ring)
MPRegen  0.11/turn              (no ring)

@: no status effects
A: carnivore 3
a: no special abilities


You were on level 4 of the Dungeon.
You were very full.

You visited 1 branch of the dungeon, and saw 4 of its levels.

You collected 261 gold pieces.

Inventory:

Hand Weapons
 s - a +0 morningstar (weapon)
Armour
 a - a +0 robe (worn)
 l - a +0 pair of boots (worn)
 n - a +0 helmet (worn)
Jewellery
 f - a +3 amulet of reflection (around neck)
Scrolls
 d - 6 scrolls of identify
 e - 3 scrolls of teleportation {unknown}
 h - a scroll of magic mapping {unknown}
 k - a scroll of amnesia {unknown}
 p - 2 scrolls of immolation {unknown}
 r - a scroll of recharging {unknown}
Potions
 i - a potion of might {unknown}
 j - 2 potions of ambrosia {unknown}
 m - 2 potions of heal wounds {unknown}
 o - a potion of cancellation {unknown}
 q - 3 potions of brilliance {unknown}
Books
 b - a book of Callings

   Spells                             Type                      Level
   a - Summon Small Mammal            Summoning                    1
   b - Call Imp                       Summoning                    2
   c - Call Canine Familiar           Summoning                    3
   d - Summon Guardian Golem          Hexes/Summoning              3
   e - Summon Lightning Spire         Summoning/Air                4
   f - Summon Ice Beast               Ice/Summoning                4
Comestibles
 c - 2 meat rations
 g - 2 royal jellies


   Skills:
 - Level 2.4 Dodging
 - Level 2.6 Stealth
 - Level 2.1 Spellcasting
 + Level 6.1 Summonings
 * Level 3.8 Air Magic


You had 2 spell levels left.
You knew the following spells:

 Your Spells              Type           Power        Failure   Level  Hunger
a - Summon Small Mammal   Summ           ####         1%          1    #......
b - Summon Lightning Spi  Summ/Air       ###.....     22%         4    #####..
c - Call Imp              Summ           ####....     1%          2    ##.....


Dungeon Overview and Level Annotations

Branches:
Dungeon (4/15)
 Temple: D:4-7

Altars:
Cheibriados
Hepliaklqana
Kikubaaqudgha
Okawaru
Trog
Vehumet
Xom
Yredelemnul

Annotations:
D:4 Ijyb


Innate Abilities, Weirdness & Mutations

You are small and have problems with some larger weapons.
You are carnivorous and can eat meat at any time.


Message History

t - the +8 chain mail of Noon {Str+6} Drop what? 20/52 slots (_ for help) (? for menu, Esc to quit)
You drop the +8 chain mail of Noon {Str+6}.
You open the door.
There is an open door here.
Found 24 stones.
You see here 24 stones.
Ijyb the Twisted Goblin comes into view.
Ijyb shouts!
Ijyb zaps a wand.
The bolt of lightning hits you!
Ouch! That really hurt!
* * * LOW HITPOINT WARNING * * *
It is a wand of lightning (?/15).
You swap places.
There is an open door here.
Ijyb zaps a wand.
The bolt of lightning misses your shadow imp.
The bolt of lightning hits you!
Ouch! That really hurt!
You die...

.. # ##.# ##+## . ...
##...## # #.### ##.....##
#### #.#.## ##..>....##
##.##
#....####..[......####...#
#.......'@........+.......
#.g.5####.........####...#
#.#(## ##.......## ##.##
#..### ##.....## #### #.##
##...## #... #. ##'## #.##
#. #.# #.# #. #.# #.# #g
##.## #.#


You could see Ijyb and a friendly shadow imp.

Vanquished Creatures
  3 adders (D:3)
  2 dart slugs
  2 leopard geckos
  5 ball pythons
  A giant cockroach (D:4)
  2 goblins
  4 hobgoblins
  A jackal (D:3)
  3 kobolds
  7 bats
  4 frilled lizards
  3 rats
37 creatures vanquished.

Vanquished Creatures (collateral kills)
  2 ogres (D:4)
  2 orc wizards
  Terence (D:2)
  2 worker ants (D:4)
  4 gnolls (D:3)
  An adder (D:3)
  An adder skeleton (D:4)
  2 worms
  3 dart slugs
  A leopard gecko (D:3)
  4 orcs
  A giant cockroach (D:2)
  3 goblins
  4 hobgoblins
  2 jackals (D:3)
  4 kobolds
  A quokka (D:3)
  A bat (D:3)
  2 rats
41 creatures vanquished.

Grand Total: 78 creatures vanquished

Notes
Turn   | Place    | Note
-------+----------+-------------------------------------------
     0 | D:1      | Hasart the Kobold Summoner began the quest for the Orb.
     0 | D:1      | Reached XP level 1. HP: 10/10 MP: 3/3
   299 | D:1      | Reached XP level 2. HP: 15/15 MP: 5/5
   319 | D:1      | Learned a level 2 spell: Call Imp
  1400 | D:2      | Reached XP level 3. HP: 19/19 MP: 6/6
  1611 | D:2      | Noticed Terence
  1625 | D:2      | Killed Terence
  1625 | D:2      | Reached skill level 5 in Summonings
  2506 | D:3      | Reached XP level 4. HP: 21/24 MP: 7/7
  2512 | D:3      | Learned a level 4 spell: Summon Lightning Spire
  2654 | D:3      | Reached skill level 1 in Air Magic
  3352 | D:3      | Reached XP level 5. HP: 12/28 MP: 1/8
  3738 | D:3      | Found a bloodstained altar of Trog.
  4093 | D:3      | Found a shimmering altar of Xom.
  4098 | D:3      | Found an iron altar of Okawaru.
  4100 | D:3      | Found a basalt altar of Yredelemnul.
  4101 | D:3      | Found an ancient bone altar of Kikubaaqudgha.
  4102 | D:3      | Found a radiant altar of Vehumet.
  4103 | D:3      | Found a hazy altar of Hepliaklqana.
  4104 | D:3      | Found a snail-covered altar of Cheibriados.
  4264 | D:4      | Noticed an ogre
  4271 | D:4      | Killed an ogre
  4271 | D:4      | Reached XP level 6. HP: 32/32 MP: 5/9
  4345 | D:4      | Noticed an ogre
  4571 | D:4      | Noticed an ogre
  4592 | D:4      | Killed an ogre
  4592 | D:4      | Reached skill level 6 in Summonings
  5124 | D:4      | Got a dazzling chain mail
  5125 | D:4      | Identified the +8 chain mail of Noon {Str+6} (You found it on level 4 of the Dungeon)
  5137 | D:4      | Noticed Ijyb
  5145 | D:4      | Killed from afar by Ijyb

Vault maps used:
D:1:      nicolae_arrival_somewhat_less_tricky_arrival
D:2:      uniq_terence
D:3:      lemuel_doored_altar, minitemple, saegor_snake_ambush
D:4:      first_bread, uniq_ijyb

Skill      XL: |  1  2  3  4  5  6 |
---------------+-------------------+-----
Summonings     | 5 6 |  6.1
Air Magic      | 1 3 |  3.8
Dodging        | |  2.4
Stealth        | |  2.6
Spellcasting   | |  2.1

Action                   |  1- 3 |  4- 6 || total
-------------------------+-------+-------++-------
Melee: Dagger            |   131 |   124 ||   255
       Unarmed           |     4 |       ||     4
       Club              |     3 |       ||     3
       Morningstar       |       |    15 ||    15
 Cast: Summon Small Mamm |     7 |       ||     7
       Call Imp          |    14 |    39 ||    53
       Summon Lightning  |       |     1 ||     1
  Use: Scroll            |       |     1 ||     1
 Stab: Sleeping          |     6 |     7 ||    13
       Distracted        |     1 |       ||     1
  Eat: Chunk             |    11 |    14 ||    25
Armor: Robe              |    40 |    43 ||    83
Dodge: Dodged            |   138 |   136 ||   274

Table legend:
 A = Spawn XP
 B = Non-spawn XP
 C = Spawn XP percentage of total XP
 D = Spawn monster count
 E = Non-spawn monster count
 F = Spawn count percentage of total count
 G = Total turns spent on level
                    A         B        C        D         E        F      G
               +---------+---------+-------+---------+---------+-------+---------
         Total |       0 |     400 |   0.0 |       0 |      78 |   0.0 |  5145
               +---------+---------+-------+---------+---------+-------+---------
           D:1 |       0 |      15 |   0.0 |       0 |      11 |   0.0 |   760
           D:2 |       0 |      42 |   0.0 |       0 |      16 |   0.0 |  1677
           D:3 |       0 |     144 |   0.0 |       0 |      40 |   0.0 |  1869
           D:4 |       0 |     199 |   0.0 |       0 |      11 |   0.0 |   839
               +---------+---------+-------+---------+---------+-------+---------
